Map: Orbital Shipyard

Players

siny

  • Race: Protoss Protoss
  • League: Bronze

TuuSAmo - Winner!

  • Race: Zerg Zerg
  • League: Bronze

VOD

Have the link to the VOD?

Description

Time

  • Played on: Dec. 3, 2015, 7:58 p.m.
  • Length: 14:40
Show
View Real Time Build Order
Export as new Build Order

siny Protoss 

Build Orders: Zealot Archon 

Get SALT Encoding   

  12  0:01  Probe (Chrono Boost)  
  13  0:11  Probe (Chrono Boost)  
  14  0:18  Pylon  
  15  0:28  Probe (Chrono Boost)  
  15  0:39  Probe (Chrono Boost), Gateway  
  16  0:49  Probe (Chrono Boost), Assimilator  
  17  0:58  Assimilator  
  17  1:00  Probe (Chrono Boost)  
  18  1:22  Gateway  
  18  1:25  Probe (Chrono Boost)  
  19  1:30  Cybernetics Core  
  19  1:42  Zealot  
  19  1:44  Probe (Chrono Boost)  
  22  1:56  Pylon  
  22  2:02  Probe (Chrono Boost)  
  22  2:07  Warp Gate (Chrono Boost)  
  23  2:13  Twilight Council  
  23  2:18  Probe (Chrono Boost)  
  23  2:20  Adept  
  26  2:41  Forge  
  26  2:59  Stalker  
  26  3:03  Mothership Core  
  30  3:09  Pylon  
  30  3:14  Protoss Ground Weapons Level 1 (Chrono Boost)  
  30  3:16  Resonating Glaives  
  30  3:49  Nexus  
  30  3:53  Photon Cannon  
  30  4:05  Gateway  
  30  4:09  Templar Archives  
  30  4:17  Adept  
  32  4:31  Probe  
  33  4:38  Adept  
  33  4:39  Adept  
  33  4:44  Gateway  
  37  4:54  Psionic Storm  
  37  5:00  Probe  
  37  5:11  Probe  
  37  5:12  Adept  
  40  5:16  Probe  
  41  5:28  Probe  
  42  5:34  Probe  
  42  5:39  Assimilator  
  42  5:40  Probe  
  42  5:41  High Templar  
  42  5:42  High Templar  
  48  5:45  Probe  
  48  5:46  Archon  
  49  5:52  Probe  
  49  5:54  Adept  
  49  5:55  Adept  
  54  6:14  Pylon  
  54  6:21  Blink  
  54  6:33  Probe  
  54  6:36  Pylon  
  55  6:45  Probe, Pylon  
  56  6:47  Pylon  
  56  6:57  Probe, Robotics Facility  
  57  7:02  Sentry x2  
  57  7:03  Sentry  
  63  7:09  Probe  
  63  7:14  Assimilator  
  64  7:20  Probe  
  65  7:29  Probe  
  66  7:30  Probe  
  66  7:35  Protoss Ground Weapons Level 2 (Chrono Boost)  
  67  7:41  Probe x2  
  67  7:42  Forge  
  69  7:51  Probe  
  70  7:58  Stalker x4  
  78  8:31  Immortal (Chrono Boost)  
  82  8:44  High Templar x2  
  86  9:02  Pylon  
  86  9:20  Immortal (Chrono Boost)  
  86  9:21  Pylon  
  90  9:39  Stalker x3  
  90  9:40  Stalker  
  90  9:44  Gateway  
  98  9:49  Gateway  
  98  9:55  Immortal (Chrono Boost)  
  102  10:03  Nexus  
  90  10:10  Robotics Facility  
  88  10:23  Stalker x3  
  88  10:24  Stalker  
  96  10:36  Pylon  
  96  10:50  High Templar  
  96  10:51  High Templar  
  96  10:56  Zealot x2  
  104  11:03  Pylon  
  104  11:05  Pylon  
  104  11:16  Immortal (Chrono Boost)  
  104  11:17  Pylon  
  112  11:21  Immortal (Chrono Boost)  
  112  11:22  Pylon  
  112  11:27  Photon Cannon x2  
  48  12:36  Stalker x4  
  48  12:37  Stalker x2  
  58  12:40  Immortal (Chrono Boost)  
  68  12:46  Immortal (Chrono Boost)  
  68  13:04  Robotics Bay  
  68  13:09  High Templar  
  70  13:14  Warp Prism (Chrono Boost)  
  70  13:15  Assimilator  
  70  13:17  Stalker x3  
  70  13:19  Zealot  
  82  13:20  Zealot  
  82  13:24  Warp Prism (Chrono Boost)  
  84  13:40  Probe  
  85  13:51  Probe  
  85  13:53  Probe  
  88  13:58  Observer (Chrono Boost)  
  88  14:01  Probe  
  80  14:04  Probe  
  77  14:14  Probe  
  78  14:17  Stalker x3  
  78  14:18  Stalker x3  
Show
View Real Time Build Order
Export as new Build Order

TuuSAmo Zerg - Winner!

Build Orders: Pool First, Lurkers 

Get SALT Encoding   

  12  0:04  Drone  
  13  0:10  Drone  
  14  0:17  Overlord  
  14  0:36  Drone x2  
  14  0:37  Drone  
  17  0:47  Spawning Pool  
  16  0:55  Drone  
  17  1:12  Hatchery  
  17  1:18  Drone x2  
  18  1:29  Extractor  
  17  1:38  Queen  
  19  1:47  Zergling x4  
  21  2:19  Hatchery  
  21  2:21  Drone x2  
  22  2:23  Roach Warren  
  22  2:26  Drone  
  22  2:47  Drone x2  
  22  2:48  Drone  
  22  2:49  Metabolic Boost  
  25  2:52  Drone  
  25  2:56  Drone x2, Extractor  
  27  3:03  Overlord  
  27  3:32  Drone  
  27  3:33  Drone x5  
  32  3:36  Roach x3  
  38  3:42  Zergling x2  
  38  3:48  Queen  
  39  3:51  Lair  
  41  3:59  Overlord x2  
  41  4:17  Queen  
  41  4:24  Drone x6  
  46  4:25  Drone  
  50  4:42  Overlord x3  
  50  4:58  Overlord x3  
  50  5:00  Glial Reconstitution  
  50  5:03  Drone  
  51  5:07  Drone x4  
  51  5:08  Drone x2  
  57  5:25  Evolution Chamber  
  57  5:26  Drone x3  
  57  5:28  Evolution Chamber  
  58  5:29  Extractor  
  58  5:31  Roach x3  
  58  5:32  Roach x6, Extractor  
  74  5:42  Drone x4  
  78  5:45  Zergling x6  
  78  5:48  Drone x2  
  83  6:01  Ravager x3  
  86  6:05  Drone x2  
  86  6:08  Drone x2  
  90  6:20  Drone x2  
  92  6:27  Drone x2  
  92  6:28  Drone x2  
  92  6:31  Ravager x2  
  92  6:32  Overlord x3  
  98  6:34  Overlord x3  
  98  6:43  Zerg Missile Weapons Level 1, Zerg Ground Armor Level 1  
  98  6:56  Drone x2  
  98  7:00  Ravager x2  
  102  7:07  Drone  
  103  7:13  Queen  
  103  7:14  Hydralisk Den  
  104  7:27  Roach x4  
  104  7:28  Roach x2  
  104  7:29  Roach x3  
  119  7:49  Queen  
  121  7:53  Roach x5  
  121  7:54  Roach x3  
  137  8:00  Ravager x2  
  139  8:32  Burrow  
  139  8:35  Extractor  
  139  8:37  Extractor  
  139  8:39  Roach x4  
  145  8:47  Ravager  
  146  8:54  Overlord x7  
  146  8:55  Overlord x2  
  146  9:00  Lurker Den  
  146  9:02  Zerg Ground Armor Level 2  
  146  9:07  Overlord  
  146  9:08  Overlord x5  
  146  9:31  Ravager x4  
  150  9:45  Drone x5  
  154  9:46  Drone  
  154  9:47  Roach  
  154  9:48  Roach x7  
  154  9:49  Roach  
  174  9:56  Zergling x8  
  161  10:26  Hydralisk x8  
  161  10:27  Hydralisk x3  
  176  10:43  Ravager x4  
  179  10:55  Lurker x2  
  181  11:14  Hydralisk x4  
  189  11:22  Lurker  
  189  11:23  Lurker  
  191  11:26  Hatchery  
  190  11:44  Muscular Augments  
  190  11:48  Lurker x3  
  193  11:54  Ravager  
  142  12:23  Roach x7  
  142  12:24  Roach x6  
  142  12:25  Roach x7  
  142  12:26  Roach  
  170  12:44  Lurker x3  
  172  12:46  Drone  
  174  13:05  Extractor  
  173  13:07  Ravager x5  
  178  13:20  Extractor  
  178  13:24  Ravager x3  
  180  13:28  Zergling x4  
  180  13:29  Zergling x28  
  196  13:43  Lurker x2  
  196  13:44  Lurker  
Tags
 
Add a new tag
Caveats
  • Supply blocks, unpowered buildings, or Contaminate may cause inaccurate times.
  • Supply counts are checked every 10 seconds.